 Dungeon Crawl Stone Soup version 0.22.1-1-ga44c0e5 (webtiles) character file.

15826 nightchill the Cleaver (level 12, -15/101 HPs)
             Began as a Minotaur Fighter on Oct 31, 2018.
             Was a Priest of Hepliaklqana.
             Demolished by Rupert
             ... wielding a +5 great mace of protection
              (30 damage)
             ... on level 3 of the Lair of Beasts.
             The game lasted 00:35:50 (13930 turns).

nightchill the Cleaver (Minotaur Fighter)          Turns: 13930, Time: 00:35:51

Health: -15/101    AC: 18    Str: 24    XL:     12   Next: 4%
Magic:  14/14      EV:  6    Int: 11    God:    Hepliaklqana [***...]
Gold:   311        SH: 13    Dex: 12    Spells: 11/11 levels left

rFire    . . .     SeeInvis .   a - +1 war axe (chop)
rCold    . . .     Gourm    .   c - +1 shield
rNeg     . . .     Faith    .   e - +0 plate armour
rPois    .         Spirit   .   (helmet restricted)
rElec    .         Reflect  .   i - +0 cloak
rCorr    .         Harm     .   z - +1 pair of gloves "Lest" {Dex+2}
MR       .....                  (no boots)
Stlth    ..........             (no amulet)
HPRegen  0.26/turn              w - +4 ring of intelligence
MPRegen  0.14/turn              (no ring)

@: very slightly contaminated, hasted, very quick
A: retaliatory headbutt, reduced essence, horns 2
a: Recall Ancestor, Ancestor Identity, Transference, Renounce Religion


You were on level 3 of the Lair of Beasts.
You worshipped Hepliaklqana.
Hepliaklqana was most pleased with you.
You were not hungry.

You visited 3 branches of the dungeon, and saw 14 of its levels.

You collected 509 gold pieces.
You spent 198 gold pieces at shops.

Inventory:

Hand Weapons
 a - a +1 war axe of chopping (weapon)
 b - a +1 broad axe of flaming
Missiles
 h - 261 stones
 k - 6 throwing nets (quivered)
 D - 18 javelins
Armour
 c - a +1 shield (worn)
 e - a +0 plate armour (worn)
 i - a +0 cloak (worn)
 z - the +1 pair of gloves "Lest" (worn) {Dex+2}
   (You found it on level 2 of the Lair of Beasts)

   It affects your dexterity (+2).
Magical Staves
 B - an uncursed staff of energy
Jewellery
 w - a +4 ring of intelligence (left hand)
 E - an uncursed ring of wizardry {unknown}
Wands
 n - a wand of acid (3)
 u - a wand of paralysis (26)
 y - a wand of flame (54)
 C - a wand of iceblast (12)
Scrolls
 j - 3 scrolls of identify
 o - 2 scrolls of summoning {unknown}
 p - 2 scrolls of enchant weapon
 s - 2 scrolls of immolation
 t - a scroll of remove curse
 v - 2 scrolls of enchant armour
 x - 5 scrolls of teleportation
 G - a scroll of fear
Potions
 g - 4 potions of brilliance
 m - 8 potions of curing
 q - 2 potions of flight
 A - 5 potions of magic
Comestibles
 f - 20 rations
 r - 6 chunks of flesh


   Skills:
 + Level 12.4 Fighting
 + Level 14.0 Axes
 + Level 10.1 Armour
 + Level 10.1 Shields
 - Level 4.0 Invocations


You had 11 spell levels left.
You didn't know any spells.
Your spell library contained the following spells:

 Spells                   Type           Power        Failure   Level  Hunger
 Animate Skeleton         Necr           N/A          100%        1    ##.....
 Apportation              Tloc           #.....       100%        1    ##.....
 Confusing Touch          Hex            #.....       100%        1    ##.....
 Summon Small Mammal      Summ           #...         100%        1    ##.....


Dungeon Overview and Level Annotations

Branches:
Dungeon (10/15)            Temple (1/1) D:7            Lair (3/6) D:8
    Orc (0/2) D:9
  Swamp: Lair:2-4    Shoals: Lair:2-4     Snake: Lair:2-4    Spider: Lair:2-4

Altars:
Ashenzari
Cheibriados
Fedhas
Hepliaklqana
Kikubaaqudgha
Nemelex Xobeh
Okawaru
Qazlal
Wu Jian
Zin
Beogh

Shops:
D:6 (   D:8 *

Annotations:
D:8 exclusion: ice statue
Lair:2 !danger!, 1 exclusion, Urug
Lair:3 Rupert


Innate Abilities, Weirdness & Mutations

You reflexively headbutt those who attack you in melee.
You have a pair of horns on your head.
Your life essence is reduced to manifest your ancestor. (-10% HP)


Message History

The jumping spider pounces on you but does no damage.
The jumping spider bites you but does no damage.
You block Rupert's attack.
You slice Rupert!!
Rupert is almost dead.
You closely miss the jumping spider.
A jumping spider comes into view.
You block the jumping spider's attack.
The jumping spider bites you but does no damage.
You hit Rupert.
Rupert is almost dead.
You closely miss the jumping spider. You block Rupert's attack.
The jumping spider leaps!
The jumping spider pounces on you!
* * * LOW HITPOINT WARNING * * *
You are caught in a web!
The jumping spider bites you but does no damage.
The web tears apart.
You block the jumping spider's attack. The jumping spider barely misses you.
Rupert hits you with a great mace of protection!!
You die...

#.......#.....#
#P###...#P....#
### ##.........
#.#.#.....
###.# .... #.##
### #..# ##.##
#s@.## #s@..#
###P...#
###.#..#.#
#.....÷..#
#.#..#.§.# #
####...#
#§..### #....>#


You could see Rupert (berserk) and 2 jumping spiders.

Vanquished Creatures
  Snorg (Lair:3)
  Harold (Lair:2)
  Erica (D:8)
  2 two-headed ogres (D:9)
  A spiny frog (Lair:1)
  5 komodo dragons
  2 jumping spiders (Lair:3)
  A queen bee (D:8)
  2 hippogriffs
  A redback (Lair:3)
  6 yaks (Lair:1)
  A wyvern (Lair:3)
  Edmund (D:6)
  7 porcupines
  A water moccasin (Lair:3)
  2 ice beasts
  4 ogres
  A phantom (D:7)
  2 sky beasts
  2 orc warriors
  5 wolves
  3 centaurs
  4 crocodiles
  Blork the orc (D:6)
  6 bullfrogs
  2 scorpions
  19 killer bees
  11 wights
  3 howler monkeys (D:8)
  A jelly (D:9)
  6 crimson imps
  A centaur zombie (D:9)
  A bullfrog zombie (D:8)
  9 orc priests
  2 hounds
  8 orc wizards
  2 iguanas
  Natasha (twice) (D:4)
  A bullfrog skeleton (D:9)
  3 worker ants
  A killer bee zombie (D:6)
  A hound zombie (D:7)
  A hound skeleton (D:6)
  2 howler monkey zombies
  A worker ant zombie (D:7)
  10 adders
  4 gnolls (D:4)
  A howler monkey skeleton (D:7)
  5 shadow imps
  An ooze (D:3)
  2 adder skeletons
  4 adder zombies
  3 worms (D:3)
  3 dart slugs (D:1)
  7 leopard geckos
  33 orcs
  10 giant cockroaches
  5 hobgoblins
  9 jackals
  5 kobolds
  6 quokkas
  2 ball pythons
  8 bats
  9 frilled lizards
  6 goblins
  A leopard gecko zombie (D:5)
  A quokka skeleton (D:6)
  9 rats
  A fungus (Lair:3)
285 creatures vanquished.

Vanquished Creatures (collateral kills)
  A spiny frog (Lair:3)
  A komodo dragon (Lair:1)
  3 hippogriffs
  A vampire (D:9)
  A wyvern (Lair:1)
  A porcupine (Lair:3)
  An ice beast (D:6)
  An ogre (D:7)
  3 wolves
  A centaur (D:6)
  4 crocodiles
  2 killer bees
  A wight (D:9)
  2 crimson imps
  An orc priest (D:9)
  An adder zombie (D:9)
  A jackal (D:7)
26 creatures vanquished.

Vanquished Creatures (others)
  4 hexers
  2 ancestors (D:8)
  8 fungi
  8 plants (Lair:3)
22 creatures vanquished.

Grand Total: 333 creatures vanquished

Notes
Turn   | Place    | Note
-------+----------+-------------------------------------------
     0 | D:1      | nightchill the Minotaur Fighter began the quest for the
                  | Orb.
     0 | D:1      | Reached XP level 1. HP: 19/19 MP: 0/0
   247 | D:1      | Reached skill level 3 in Axes
   294 | D:1      | Reached XP level 2. HP: 23/27 MP: 1/1
   559 | D:1      | Reached XP level 3. HP: 25/33 MP: 2/2
  1007 | D:2      | Reached skill level 4 in Axes
  1886 | D:3      | Reached XP level 4. HP: 12/41 MP: 3/3
  2495 | D:3      | Reached skill level 5 in Axes
  2719 | D:3      | Reached XP level 5. HP: 26/47 MP: 4/4
  3051 | D:3      | Reached skill level 5 in Fighting
  3479 | D:4      | Noticed Natasha
  3491 | D:4      | Killed Natasha
  3491 | D:4      | Reached skill level 6 in Axes
  3534 | D:4      | Reached XP level 6. HP: 52/56 MP: 5/5
  3999 | D:4      | Noticed Natasha
  4011 | D:4      | Killed Natasha
  4163 | D:5      | Entered Level 5 of the Dungeon
  4268 | D:5      | Noticed a sky beast
  4275 | D:5      | Killed a sky beast
  4275 | D:5      | Reached skill level 7 in Axes
  4656 | D:5      | Reached XP level 7. HP: 26/64 MP: 6/6
  4856 | D:5      | Reached skill level 8 in Axes
  5432 | D:6      | Noticed Edmund
  5444 | D:6      | Killed Edmund
  5444 | D:6      | Reached skill level 9 in Axes
  5545 | D:6      | Found Girust's Weapon Emporium.
  5550 | D:6      | Reached XP level 8. HP: 71/73 MP: 7/7
  5760 | D:7      | Reached skill level 10 in Axes
  5837 | D:7      | Found a staircase to the Ecumenical Temple.
  5854 | Temple   | Entered the Ecumenical Temple
  5859 | Temple   | Became a worshipper of Hepliaklqana the Forgotten
  6108 | D:6      | Noticed Blork the orc
  6117 | D:6      | Killed Blork the orc
  6367 | D:6      | Reached skill level 11 in Axes
  6654 | D:7      | Noticed a hippogriff
  6665 | D:7      | Killed a hippogriff
  6665 | D:7      | Reached skill level 1 in Invocations
  6665 | D:7      | Reached XP level 9. HP: 47/73 MP: 8/8
  7056 | D:7      | Reached * piety under Hepliaklqana
  7632 | D:8      | Reached skill level 5 in Armour
  7632 | D:8      | Reached skill level 5 in Shields
  7690 | D:8      | Noticed an ice statue
  7713 | D:8      | Noticed a queen bee
  7733 | D:8      | Noticed Erica
  7735 | D:8      | Killed a queen bee
  7749 | D:8      | Killed Erica
  7749 | D:8      | Reached skill level 12 in Axes
  7749 | D:8      | Reached XP level 10. HP: 46/83 MP: 11/11
  7831 | D:8      | Reached skill level 10 in Fighting
  8558 | D:8      | Found Elaom's General Store.
  8571 | D:8      | Found an ornate altar of the Wu Jian Council.
  8830 | D:8      | Found a staircase to the Lair.
  9224 | D:9      | Noticed a two-headed ogre
  9232 | D:9      | Killed a two-headed ogre
  9314 | D:9      | Reached ** piety under Hepliaklqana
  9319 | D:9      | Remembered your ancestor Enheduana as a hexer
  9348 | D:9      | Found a snail-covered altar of Cheibriados.
  9566 | D:9      | Found a staircase to the Orcish Mines.
  9581 | D:9      | Found a roughly hewn altar of Beogh.
  9895 | D:9      | Noticed a two-headed ogre
  9904 | D:9      | Killed a two-headed ogre
 10158 | D:9      | Reached XP level 11. HP: 91/91 MP: 13/13
 10234 | D:10     | Entered Level 10 of the Dungeon
 10353 | D:6      | Bought a +1 broad axe of flaming for 198 gold pieces
 10404 | Lair:1   | Entered Level 1 of the Lair of Beasts
 10517 | Lair:1   | Reached skill level 13 in Axes
 12342 | Lair:2   | Noticed Harold
 12372 | Lair:2   | Killed Harold
 12579 | Lair:2   | Reached *** piety under Hepliaklqana
 12820 | Lair:2   | Got a pair of shimmering gloves
 12832 | Lair:2   | Identified the +1 pair of gloves "Lest" {Dex+2} (You found
                  | it on level 2 of the Lair of Beasts)
 12953 | Lair:2   | Noticed Urug
 13300 | Lair:3   | Noticed Snorg
 13316 | Lair:3   | Killed Snorg
 13368 | Lair:3   | Reached skill level 10 in Armour
 13427 | Lair:3   | Reached skill level 10 in Shields
 13487 | Lair:3   | Reached skill level 14 in Axes
 13487 | Lair:3   | Reached XP level 12. HP: 85/101 MP: 14/14
 13907 | Lair:3   | Noticed Rupert
 13930 | Lair:3   | Demolished by Rupert

Skill      XL: |  1  2  3  4  5  6  7  8  9 10 11 |
---------------+----------------------------------+-----
Axes           | 3 4 5 6 7 9 11 12 14 | 14.0
Fighting       | 4 5 6 7 8 9 11 12 | 12.4
Armour         | 4 6 8 10 | 10.1
Shields        | 4 6 8 10 | 10.1
Invocations    | 1 3 4 |  4.0

Action                   |  1- 3 |  4- 6 |  7- 9 | 10-12 || total
-------------------------+-------+-------+-------+-------++-------
Melee: War axe           |   131 |   197 |   309 |   380 ||  1017
       Headbutt          |    22 |    32 |    58 |    86 ||   198
Invok: Ancestor Identity |       |       |     2 |       ||     2
       Ancestor Life: He |       |       |       |     1 ||     1
       Recall Ancestor   |       |       |       |     2 ||     2
Evoke: Wand              |       |       |       |     3 ||     3
  Use: Scroll            |       |     6 |     5 |    15 ||    26
       Potion            |       |       |     2 |     3 ||     5
 Stab: Confused          |       |       |       |     4 ||     4
       Distracted        |       |       |       |     4 ||     4
  Eat: Chunk             |     3 |     9 |    11 |    19 ||    42
Armor: Scale mail        |    14 |       |       |       ||    14
       Plate armour      |    57 |    92 |   127 |   138 ||   414
       Skin              |       |       |    31 |       ||    31
Dodge: Dodged            |    23 |    30 |    21 |    58 ||   132
Block: Shield            |    55 |    97 |   172 |   196 ||   520
